Map: Blackburn LE

Players

AznAquaPanda

  • Race: Zerg Zerg
  • League: Master
  • Spawn Location: 7:00

jamestkirk - Winner!

  • Race: Protoss Protoss
  • League: Platinum
  • Spawn Location: 5:00

VOD

Have the link to the VOD?

Description

vs Lurker

Time

  • Played on: July 1, 2022, 6:02 p.m.
  • Length: 15:12
Show
View Real Time Build Order
Export as new Build Order

AznAquaPanda Zerg 

Build Orders: Hatch First, Lurkers 

Get SALT Encoding   

  12  0:00  Drone  
  13  0:12  Overlord  
  13  0:17  Drone  
  14  0:30  Drone x2  
  14  0:34  Drone  
  17  0:48  Drone  
  18  0:58  Hatchery  
  18  0:59  Drone  
  18  1:03  Extractor  
  17  1:15  Spawning Pool  
  17  1:17  Drone  
  17  1:21  Drone  
  18  1:28  Drone  
  19  1:38  Overlord  
  19  1:56  Drone  
  20  2:01  Queen  
  22  2:10  Queen  
  22  2:13  Drone x3  
  27  2:23  Drone x2  
  29  2:33  Drone x2  
  31  2:56  Hatchery  
  31  2:58  Drone x3, Overlord  
  33  3:07  Roach Warren  
  33  3:10  Extractor, Drone  
  33  3:11  Drone  
  33  3:28  Zergling x2  
  33  3:29  Zergling x14  
  33  3:33  Metabolic Boost  
  41  3:36  Overlord  
  41  3:37  Overlord  
  41  4:05  Drone x9  
  50  4:16  Queen  
  52  4:23  Queen  
  56  4:36  Evolution Chamber x2  
  52  4:39  Lair  
  54  4:45  Roach  
  54  4:46  Roach x2  
  54  4:47  Overlord x2  
  52  5:24  Roach x4  
  52  5:25  Roach x7  
  73  5:36  Drone  
  73  5:38  Overlord  
  73  5:39  Overlord x5  
  74  5:47  Zerg Missile Weapons Level 1, Zerg Ground Armor Level 1  
  74  5:48  Glial Reconstitution  
  74  5:55  Extractor  
  73  5:57  Extractor, Roach x2  
  73  5:58  Roach  
  78  6:06  Roach  
  78  6:07  Roach x5  
  90  6:27  Drone x2  
  90  6:28  Drone x7  
  99  6:41  Drone  
  99  6:42  Drone x6  
  99  6:46  Extractor  
  105  6:48  Drone  
  105  6:49  Drone  
  107  7:04  Extractor  
  106  7:13  Hydralisk Den  
  105  7:16  Drone  
  105  7:17  Drone x11  
  117  7:34  Roach x2  
  117  7:35  Overlord  
  117  7:36  Overlord x5  
  121  7:37  Hatchery  
  120  7:45  Roach  
  120  7:47  Zerg Missile Weapons Level 2, Zerg Ground Armor Level 2  
  122  8:00  Hydralisk  
  122  8:01  Hydralisk x4  
  132  8:09  Lurker Den  
  132  8:11  Grooved Spines  
  131  8:13  Hydralisk  
  131  8:14  Hydralisk x4  
  141  8:27  Hydralisk  
  141  8:28  Hydralisk x5  
  153  8:35  Queen  
  155  8:42  Hydralisk x4  
  155  8:43  Hydralisk  
  165  8:59  Hydralisk x2  
  165  9:00  Hydralisk x3  
  165  9:01  Overlord x3  
  175  9:13  Lurker  
  176  9:35  Drone  
  176  9:36  Drone x13  
  190  9:43  Lurker x2  
  190  9:44  Lurker x5  
  190  9:45  Lurker  
  198  9:55  Infestation Pit  
  177  10:35  Hydralisk  
  175  10:36  Hydralisk x11  
  199  10:48  Extractor  
  198  10:51  Extractor  
  197  11:01  Hatchery  
  179  11:36  Hive  
  179  11:40  Muscular Augments  
  179  11:43  Drone  
  179  11:44  Drone x11  
  114  12:32  Roach  
  114  12:33  Roach x15  
  146  12:44  Queen  
  146  12:46  Roach  
  146  12:47  Roach x5  
  160  13:05  Spire  
  159  13:08  Seismic Spines  
  159  13:11  Roach x15  
  159  13:12  Roach  
  191  13:17  Lurker x2  
  191  13:18  Lurker x2  
  195  13:30  Hydralisk x2  
  199  13:37  Adrenal Glands  
  156  14:03  Zergling x2  
  156  14:04  Zergling x12  
  156  14:05  Zergling x2, Adaptive Talons  
  156  14:06  Zergling x44  
  156  14:07  Zergling x2  
  124  14:35  Zergling x12  
  124  14:36  Zergling x12  
  89  14:49  Zergling x2  
  89  14:50  Zergling x10  
Show
View Real Time Build Order
Export as new Build Order

jamestkirk Protoss - Winner!

Build Orders: 1 Gate Expand, Archon Immortal 

Get SALT Encoding   

  12  0:00  Probe  
  13  0:12  Probe  
  14  0:22  Pylon  
  14  0:25  Probe  
  15  0:40  Probe (Chrono Boost)  
  15  0:42  Gateway  
  16  0:51  Assimilator  
  16  0:52  Probe (Chrono Boost)  
  17  0:57  Probe (Chrono Boost)  
  18  1:06  Probe  
  19  1:18  Probe  
  20  1:26  Nexus  
  20  1:37  Cybernetics Core  
  20  1:41  Probe  
  21  1:51  Pylon  
  21  1:53  Probe  
  22  1:57  Assimilator  
  22  2:05  Probe  
  23  2:09  Zealot  
  23  2:13  Warp Gate  
  25  2:18  Probe (Chrono Boost)  
  27  2:30  Probe (Chrono Boost)  
  27  2:34  Robotics Facility  
  27  2:38  Probe (Chrono Boost)  
  27  2:42  Pylon  
  27  2:44  Stalker  
  30  2:56  Probe (Chrono Boost)  
  30  2:58  Probe (Chrono Boost)  
  32  3:05  Gateway, Probe (Chrono Boost)  
  33  3:09  Probe (Chrono Boost)  
  33  3:11  Probe (Chrono Boost)  
  36  3:22  Probe (Chrono Boost)  
  36  3:23  Probe (Chrono Boost)  
  36  3:26  Probe (Chrono Boost)  
  37  3:30  Probe  
  39  3:37  Probe (Chrono Boost)  
  39  3:38  Immortal  
  44  3:45  Probe (Chrono Boost)  
  44  3:47  Pylon  
  45  3:49  Probe (Chrono Boost)  
  49  3:57  Probe (Chrono Boost)  
  49  3:58  Probe (Chrono Boost)  
  48  4:02  Sentry  
  48  4:03  Probe  
  48  4:06  Stalker  
  53  4:20  Pylon  
  53  4:23  Observer  
  54  4:27  Stalker  
  54  4:29  Stalker  
  58  4:32  Probe  
  59  4:43  Probe  
  59  4:45  Probe  
  61  4:56  Probe  
  61  4:57  Probe  
  61  4:59  Nexus  
  63  5:04  Pylon  
  63  5:08  Pylon  
  63  5:12  Zealot x2  
  67  5:21  Probe (Chrono Boost)  
  68  5:26  Probe (Chrono Boost)  
  68  5:31  Probe (Chrono Boost)  
  68  5:34  Probe (Chrono Boost)  
  70  5:35  Probe (Chrono Boost)  
  71  5:45  Immortal, Probe  
  71  5:47  Probe  
  77  5:57  Probe  
  77  5:59  Probe  
  77  6:02  Forge  
  79  6:06  Forge  
  79  6:08  Twilight Council  
  79  6:09  Probe, Assimilator  
  79  6:10  Zealot x2  
  84  6:11  Probe  
  84  6:12  Assimilator  
  85  6:20  Gateway  
  85  6:21  Probe  
  85  6:22  Gateway  
  85  6:24  Gateway, Probe x2, Pylon  
  85  6:25  Gateway  
  88  6:30  Observer  
  89  6:33  Probe  
  89  6:36  Probe x2  
  92  6:40  Gateway  
  92  6:41  Gateway  
  92  6:45  Gateway, Probe  
  92  6:46  Charge (Chrono Boost)  
  93  6:47  Gateway  
  93  6:48  Protoss Ground Weapons Level 1, Protoss Ground Armor Level 1, Probe x2  
  95  6:56  Zealot x2  
  95  6:57  Probe  
  95  7:00  Probe  
  95  7:01  Probe  
  102  7:09  Probe  
  102  7:12  Probe  
  102  7:13  Probe  
  102  7:14  Immortal  
  109  7:22  Templar Archives  
  109  7:28  Pylon  
  109  7:43  Assimilator  
  109  7:44  Assimilator  
  109  7:45  Pylon  
  109  7:46  Probe x3  
  112  7:51  Nexus  
  112  7:52  Pylon  
  112  7:54  Pylon  
  112  7:57  Pylon  
  112  8:12  Immortal  
  116  8:17  High Templar  
  116  8:18  High Templar  
  120  8:20  Zealot x2  
  120  8:21  Zealot x6  
  120  8:24  Archon  
  136  9:09  Nexus  
  136  9:12  Pylon  
  136  9:15  Pylon  
  136  9:20  Pylon  
  136  9:21  Probe x4, Assimilator  
  136  9:22  Assimilator  
  140  9:30  High Templar x3  
  140  9:31  High Templar  
  148  9:32  Protoss Ground Weapons Level 2 (Chrono Boost), Protoss Ground Armor Level 2 (Chrono Boost)  
  148  9:33  Probe x4, Zealot x6  
  148  9:36  Archon  
  148  9:37  Archon, Nexus  
  164  9:39  Pylon  
  164  9:45  Probe x2  
  166  9:52  Pylon  
  166  9:53  Immortal  
  166  9:58  Pylon  
  170  10:02  Pylon  
  170  10:04  High Templar  
  170  10:05  High Templar  
  170  10:06  Zealot x4  
  170  10:07  Zealot x4  
  184  10:08  Pylon  
  184  10:10  Archon  
  158  10:36  High Templar x4  
  167  10:45  Observer  
  167  10:54  Zealot x6  
  167  10:55  Robotics Facility  
  179  10:58  Archon  
  179  10:59  Archon  
  165  11:16  Zealot  
  165  11:17  Zealot x9  
  179  11:32  Immortal (Chrono Boost)  
  157  12:00  Zealot x8  
  157  12:01  Zealot x2  
  135  12:12  Observer (Chrono Boost)  
  135  12:13  Observer (Chrono Boost)  
  137  12:20  High Templar x3  
  137  12:21  High Templar x7  
  157  12:30  Gateway  
  157  12:32  Gateway  
  157  12:33  Gateway  
  157  12:37  Archon x4, Gateway  
  157  12:39  Archon  
  157  12:43  Immortal x2 (Chrono Boost)  
  165  12:56  Zealot x5  
  165  12:57  Zealot x5  
  185  13:18  Gateway  
  185  13:19  Gateway  
  185  13:20  High Templar x2  
  185  13:21  High Templar x2, Gateway  
  185  13:24  Zealot x3  
  185  13:26  Gateway  
  185  13:27  Archon x2  
  187  14:02  Zealot x3  
  161  14:03  Zealot x10  
  161  14:04  Zealot  
  151  14:33  Zealot x7  
  151  14:34  Zealot x8  
  151  14:35  Zealot x3  
Tags
 
Add a new tag
Caveats
  • Supply blocks, unpowered buildings, or Contaminate may cause inaccurate times.
  • Supply counts are checked every 10 seconds.